[Event "*** Titled Tuesday Blitz"]
[Site "Chess.com"]
[Date "2020.11.03"]
[Round "1"]
[White "gurelediz"]
[Black "BanjoKazooieN64"]
[Result "1/2-1/2"]
[WhiteElo "2696"]
[BlackElo "2371"]
[TimeControl "180+1"]
[EndTime "10:07:32 PST"]
[Termination "Game drawn by repetition"]

1. e4 e5 2. Nf3 Nc6 3. Bb5 f5 4. d3 fxe4 5. dxe4 Nf6 6. Bxc6 bxc6 7. Nxe5 Qe7 8. f4 d6 9. Nxc6 Qxe4+ 10. Qe2 Qxe2+ 11.
Kxe2 Ba6+ 12. Kf2 Kd7 13. Nd4 Ne4+ 14. Kg1 d5 15. Nc3 Bc5 16. Be3 Nxc3 17. bxc3 Rhe8 18. Kf2 Re4 19. Rad1 Rb8 20. Rb1 Rf8 21. Rhe1 g5 22. g3 Bd6 23. f5 c5 24. Nf3 Rxf5 25. Bxg5 Ra4 26. Rb2 Kc7 27. Be3 d4 28. cxd4 cxd4 29. Bf4 Bxf4 30. gxf4 Rxf4 31. Re7+ Kd6 32. Rxa7 Ra3 33.
Kg2 Rfxf3 34. Rxa6+ Ke5 35. Rh6 Rfe3 36. Rxh7 Re2+ 37. Kf1 Rae3 38. Re7+ Kf4 39. Rxe3 Rxe3 40. Rb3 Re6 41. Rd3 Ke4 42. Rh3 Rc6 43. Rh4+ Ke3 44.
Rh3+ Ke4 45. Rh4+ Ke3 46. Rh3+ Ke4 1/2-1/2

[Event "*** Titled Tuesday Blitz"]
[Site "Chess.com"]
[Date "2020.11.03"]
[Round "1"]
[White "anon102030"]
[Black "dosto07"]
[Result "1-0"]
[WhiteElo "2679"]
[BlackElo "2351"]
[TimeControl "180+1"]
[EndTime "10:07:32 PST"]
[Termination "anon102030 won by resignation"]

1. e4 e5 2. Nc3 Nf6 3. g3 d5 4. exd5 Nxd5 5. Bg2 Nxc3 6. bxc3 Bc5 7. Ne2 Nc6 8. Rb1 O-O 9. d3 Bb6 10. O-O Be6 11.
c4 Qd7 12. Be3 Bxe3 13. fxe3 Rab8 14. Nc3 Bh3 15. Qh5 Bxg2 16. Kxg2 f6 17. Qf3 b6 18.
Qd5+ Qxd5+ 19. Nxd5 Rf7 20. a4 Na5 21. c5 Rd8 22.
cxb6 axb6 23. e4 Ra8 24. Rb4 Nb7 25. Rc4 Nc5 26. Ra1 Rd7 27. a5 Ne6 28. Rca4 Nc5 29.
R4a3 bxa5 30. Rxa5 Rxa5 31. Rxa5 Ne6 32. Ra6 Kf7 33.
Kf2 h5 34. Ke3 Rd6 35. Nxc7 Rxa6 36. Nxa6 Ke7 37. c3 Kd6 38. d4 Nc7 39. Nxc7 Kxc7 40. Kd3 Kd6 41. Kc4 Kc6 42. h3 g6 43. g4 h4 44. dxe5 fxe5 45. Kb4 Kb6 46. c4 Kc6 47. c5 Kc7 48. Kb5 Kd7 49. c6+ Kc7 50. Kc5 g5 51. Kd5 Kb6 52. Kd6 1-0

[Event "*** Titled Tuesday Blitz"]
[Site "Chess.com"]
[Date "2020.11.03"]
[Round "1"]
[White "MariaFominykh"]
[Black "cassoulet"]
[Result "1-0"]
[WhiteElo "2327"]
[BlackElo "2617"]
[TimeControl "180+1"]
[EndTime "10:07:32 PST"]
[Termination "MariaFominykh won by resignation"]

1. Nf3 Nf6 2. g3 g6 3. Bg2 Bg7 4. O-O O-O 5. d4 d5 6. c4 dxc4 7. Qc2 Nc6 8. Qxc4 Be6 9. Qc2 Bd5 10. e3 Nb4 11. Qd2 a5 12. Nc3 Bc4 13. Rd1 c6 14.
e4 Qc8 15. Ne5 Ba6 16. a3 Rd8 17. axb4 axb4 18. Na4 Qc7 19. Nc5 Bb5 20. Rxa8 Rxa8 21. Qxb4 Rd8 22. Bf4 Qb6 23. Nc4 Qa7 24. Na3 Be2 25.
Rd2 Ba6 26. Nxa6 Qxa6 27. h3 Bf8 28. Qc4 b5 29. Qc2 e6 30. Bg5 Be7 31. e5 Nd5 32. Bxe7 Nxe7 33. Qc5 Rd7 34. Rc2 Qa4 35. Bxc6 Nxc6 36.
Qxc6 Rxd4 37. Rc1 Rd5 38. Qe8+ Kg7 39. Rc7 Rd1+ 40. Kh2 Kh6 41. Qxf7 Qe4 42. Qxh7+ Kg5 43. Qh4+ Qxh4 44. gxh4+ Kxh4 45. Nxb5 Rd2 46. Kg2 Rxb2 47. Nd4 Kg5 48. Rf7 Rb6 49. Rf6 Rb4 50. Nxe6+ Kh4 51.
Rxg6 Re4 52. Rg4+ Rxg4+ 53. hxg4 Kxg4 54. Nd4 Kg5 55. e6 Kf6 56. f4 Ke7 57. Kf3 Kf6 58.
Ke4 Ke7 59. Kd5 Kf6 60. Kd6 Kg7 61. Kd7 1-0

[Event "*** Titled Tuesday Blitz"]
[Site "Chess.com"]
[Date "2020.11.03"]
[Round "1"]
[White "Vi_Los"]
[Black "GregShahade"]
[Result "0-1"]
[WhiteElo "2330"]
[BlackElo "2661"]
[TimeControl "180+1"]
[EndTime "10:07:35 PST"]
[Termination "GregShahade won by resignation"]

1. e4 e5 2. Nf3 Nc6 3. Bb5 a6 4. Ba4 Nf6 5. O-O Be7 6. Re1 b5 7. Bb3 O-O 8. c3 d5 9. exd5 Nxd5 10. Nxe5 Nxe5 11. Rxe5 c6 12. d3 Bd6 13. Re1 Bf5 14.
Nd2 Nf4 15. Ne4 Nxd3 16. Bg5 Qd7 17. Nxd6 Qxd6 18. Re3 Qg6 19. Bh4 Nxb2 20. Qd2 Nc4 21. Bxc4 bxc4 22. Rg3 Qe6 23. Re1 Qd5 24. Qh6 Bg6 25.
Qe3 Rab8 26. Qf3 Qd2 27. Rf1 Qxa2 28. Qxc6 Rb1 29. h3 Rxf1+ 30. Kxf1 Qb1+ 31. Ke2 Bd3+ 32. Kf3 Qd1+ 33. Kf4 Qh5 34. Rg4 f6 35. Kg3 Qe5+ 36.
f4 Qe3+ 37. Qf3 Qxf3+ 38. Kxf3 Kf7 39. Bf2 Ra8 40. Bc5 a5 41. Rg3 a4 42. Ba3 Rb8 43. Ke3 Rb3 44. Bb4 a3 45. Bxa3 Rxa3 46. Kd4 Ra2 0-1

[Event "*** Titled Tuesday Blitz"]
[Site "Chess.com"]
[Date "2020.11.03"]
[Round "1"]
[White "dennisodessa"]
[Black "AurumO"]
[Result "0-1"]
[WhiteElo "2469"]
[BlackElo "1971"]
[TimeControl "180+1"]
[EndTime "10:07:35 PST"]
[Termination "AurumO won by resignation"]

1. d4 d5 2. c4 e6 3. Nc3 Nf6 4. cxd5 exd5 5. Bg5 c6 6. e3 Be7 7. Bd3 Nbd7 8. Qc2 h6 9. Bh4 O-O 10. Nf3 Re8 11. O-O Ne4 12. Bxe7 Qxe7 13. Bxe4 dxe4 14. Nd2 Nf6 15. Rab1 Bf5 16. b4 Nd5 17. b5 Rac8 18. bxc6 Rxc6 19. Nxd5 Rxc2 20. Nxe7+ Rxe7 21. Rfd1 Rxa2 22. Nc4 Rc7 23. Nd6 Bg6 24. Rxb7 Rcc2 25. Rf1 a5 26. Nb5 Rcb2 27. d5 Bf5 28. d6 a4 29. Nc3 Rxb7 30. Nxa2 a3 31. Nc3 Rb2 32. Rd1 a2 33. g4 Bxg4 34. d7 Bxd7 35. Nxa2 Bg4 36. Rd8+ Kh7 37. Nc3 Bf3 38. h3 Rc2 39. Nb5 h5 40. Nd4 Rd2 41. Kh2 h4 42. Kg1 Rd1+ 0-1

[Event "*** Titled Tuesday Blitz"]
[Site "Chess.com"]
[Date "2020.11.03"]
[Round "1"]
[White "esskeettit"]
[Black "Jospem"]
[Result "0-1"]
[WhiteElo "2469"]
[BlackElo "3015"]
[TimeControl "180+1"]
[EndTime "10:07:36 PST"]
[Termination "Jospem won by checkmate"]

1. d4 Nf6 2. c4 e6 3. Nc3 Bb4 4. e3 O-O 5. Bd3 c5 6. Ne2 cxd4 7. exd4 d5 8. cxd5 exd5 9. O-O h6 10. a3 Be7 11. Bf4 Nc6 12. Rc1 Be6 13. Bc2 Re8 14. Qd3 Bd6 15. Rfe1 Qb8 16. Bxd6 Qxd6 17. Bb3 Rad8 18.
Ng3 Qf4 19. Nce2 Qh4 20. Ba4 Rc8 21. Bxc6 bxc6 22. Rc2 Qg5 23. Rec1 h5 24. Rxc6 Rxc6 25. Rxc6 h4 26. Nf1 h3 27. Qg3 Qh6 28. Ne3 Ne4 29.
Qf4 Qh5 30. Ng3 Nxg3 31. Qxg3 hxg2 32. Kxg2 Qe2 33. Rc2 Qd3 34. Qf4 Qg6+ 35. Qg3 Qe4+ 36. Kg1 Qxd4 37. Rc7 Qxb2 38. Rxa7 d4 39. Ng4 Bxg4 40.
Qxg4 d3 41. Qf5 Qc1+ 42. Kg2 Qc6+ 43. Kg1 Re1# 0-1

[Event "*** Titled Tuesday Blitz"]
[Site "Chess.com"]
[Date "2020.11.03"]
[Round "1"]
[White "Grieve72"]
[Black "AlexOstrovskiy"]
[Result "0-1"]
[WhiteElo "2400"]
[BlackElo "2803"]
[TimeControl "180+1"]
[EndTime "10:07:37 PST"]
[Termination "AlexOstrovskiy won by resignation"]

1. e4 c6 2. d4 d5 3. e5 c5 4.
dxc5 Nc6 5. a3 e6 6. Nf3 Bxc5 7.
b4 Bb6 8. Bb2 Nge7 9. Bd3 Ng6 10. O-O O-O 11. Re1 f6 12. exf6 gxf6 13. c4 Nf4 14.
cxd5 Qxd5 15. Bf1 e5 16. Nc3 Qxd1 17. Raxd1 Bg4 18. Bc1 Bxf3 19. gxf3 Nd4 20. Bg2 Nxg2 21. Kxg2 Kf7 22. Rd3 Rad8 23. f4 Nc2 24. Rdd1 Nxe1+ 25. Rxe1 Rg8+ 26. Kf1 exf4 27. Bxf4 Rge8 28. Ne4 Kg6 29. Nd6 Rxe1+ 30. Kxe1 Rd7 31. Nc4 Rd4 32. Nxb6 Rxf4 33. Nc8 a6 34. Nd6 b5 35. Ke2 Rh4 36. Nb7 Rxh2 37.
Nc5 Rh3 38. f3 Rh2+ 39. Kf1 Ra2 40. Nxa6 Rxa3 41. Nc7 Rxf3+ 42. Kg2 Rf5 43. Kg3 h5 44. Ne6 Re5 45. Nd4 h4+ 46. Kf3 Kg5 47. Nc6 h3 48. Nxe5 fxe5 0-1

[Event "*** Titled Tuesday Blitz"]
[Site "Chess.com"]
[Date "2020.11.03"]
[Round "1"]
[White "DrVelja"]
[Black "anpospan"]
[Result "1-0"]
[WhiteElo "2785"]
[BlackElo "2394"]
[TimeControl "180+1"]
[EndTime "10:07:37 PST"]
[Termination "DrVelja won by resignation"]

1. e4 Nc6 2. Nf3 d6 3. d4 Nf6 4. Nc3 Bg4 5. d5 Nb8 6. h3 Bxf3 7. Qxf3 g6 8. Bd2 Bg7 9. g4 O-O 10. O-O-O c5 11. h4 Nbd7 12. Qg2 Ne5 13. g5 Nh5 14.
Be2 b5 15. Bxb5 Rb8 16. f4 Rxb5 17. Nxb5 Nc4 18. Nc3 Qb6 19. b3 Nxd2 20. Qxd2 Qb4 21. Nb1 Qxe4 22. Rhf1 Ng3 23. Rfe1 Qf5 24. Rxe7 c4 25.
Rde1 cxb3 26. axb3 a5 27. Re8 a4 28. bxa4 Qd7 29. Rxf8+ Kxf8 30. Qd3 Qxa4 31. Qxg3 Qa1 32. Qb3 Bd4 33. Re4 Qa7 34. Kd2 Qa5+ 35. Ke2 Bc5 36.
Nd2 Qa6+ 37. Rc4 Qa1 38. Rxc5 dxc5 39. Qb8+ Kg7 40. Qe5+ 1-0

[Event "*** Titled Tuesday Blitz"]
[Site "Chess.com"]
[Date "2020.11.03"]
[Round "1"]
[White "Terao90"]
[Black "Kezin_Roman"]
[Result "0-1"]
[WhiteElo "2369"]
[BlackElo "2721"]
[TimeControl "180+1"]
[EndTime "10:07:38 PST"]
[Termination "Kezin_Roman won by resignation"]

1. e4 c5 2. Nf3 e6 3. Nc3 Nc6 4. Bb5 Nge7 5. O-O a6 6. Bxc6 Nxc6 7. d4 cxd4 8. Nxd4 Qc7 9. Re1 d6 10. Nxc6 bxc6 11. e5 dxe5 12. Qh5 g6 13. Qxe5 Qxe5 14. Rxe5 Bg7 15. Re1 O-O 16. Bf4 f6 17. Na4 e5 18.
Be3 Bf5 19. c4 Rfd8 20. b3 Bf8 21. Bc5 Rd2 22. Be3 Rc2 23. Rec1 Rxc1+ 24. Rxc1 Rd8 25. Nc5 Bxc5 26. Bxc5 Rd2 27. a4 Bc2 28. Be3 Rd3 29. b4 Bxa4 30. h3 Bb3 31. h4 Kf7 32. g4 Ke6 33. b5 axb5 34. cxb5 cxb5 35. Rc6+ Rd6 36. Rc7 Rd7 37. Rc6+ Kf7 38. Rb6 Bc4 39. f4 exf4 40.
Bxf4 Rd4 41. Rb7+ Ke6 42. Rb6+ Ke7 43. Rb7+ Ke8 44. Bg3 Rxg4 45. Kf2 h5 46. Kf3 Bd5+ 47. Kf2 Bxb7 0-1

[Event "*** Titled Tuesday Blitz"]
[Site "Chess.com"]
[Date "2020.11.03"]
[Round "1"]
[White "Chess2019Player"]
[Black "ChristianAlm"]
[Result "1-0"]
[WhiteElo "2264"]
[BlackElo "2547"]
[TimeControl "180+1"]
[EndTime "10:07:38 PST"]
[Termination "Chess2019Player won by resignation"]

1. Nf3 Nf6 2. c4 g6 3. b3 Bg7 4. Bb2 O-O 5. g3 b6 6. Bg2 Bb7 7. O-O d5 8. cxd5 Bxd5 9. Nc3 Bb7 10. Rc1 c5 11. d4 cxd4 12. Qxd4 Nc6 13. Qxd8 Rfxd8 14. Rfd1 Rxd1+ 15. Rxd1 Rd8 16. Rxd8+ Nxd8 17. Ne5 Bxg2 18.
Kxg2 Kf8 19. Nb5 a6 20. Nc7 a5 21. Nc4 Nd7 22. Bxg7+ Kxg7 23. Nd5 a4 24. bxa4 Nc5 25. Ncxb6 Nc6 26. Kf3 e6 27. Nc3 Kf6 28. Ne4+ Nxe4 29. Kxe4 Ke7 30. Nc4 f5+ 31. Kf4 Kf6 32. a5 e5+ 33.
Ke3 Ke6 34. a6 Kd5 35. Nb6+ Kd6 36. g4 Kc7 37. Nd5+ Kb8 38. gxf5 gxf5 39. f4 e4 40. Kf2 Ka7 41. Kg3 Kxa6 42. Kh4 Kb5 43. Kg5 Kc4 44. Nb6+ Kc5 45. Nd7+ Kd6 46. Nf6 Ne7 47. Nxh7 Ke6 48. Nf6 e3 49. h4 Nc6 50. h5 Nd4 51. h6 Nxe2 52. h7 Nd4 53. h8=Q Nf3+ 54. Kh5 e2 55. Qe8+ Kxf6 56. Qxe2 Nd4 57. Qe5+ 1-0

[Event "*** Titled Tuesday Blitz"]
[Site "Chess.com"]
[Date "2020.11.03"]
[Round "1"]
[White "Mr_Sinigami"]
[Black "MoreChessJulia"]
[Result "0-1"]
[WhiteElo "2481"]
[BlackElo "2072"]
[TimeControl "180+1"]
[EndTime "10:07:38 PST"]
[Termination "MoreChessJulia won on time"]

1. e4 g6 2. d4 Bg7 3. Nc3 c5 4.
d5 d6 5. Nf3 Bg4 6. Be2 Nd7 7. Nd2 Bxe2 8. Qxe2 a6 9. a4 Ngf6 10.
O-O h5 11. Nc4 b6 12. e5 dxe5 13. Nxe5 Nxe5 14. Qxe5 O-O 15. Re1 Re8 16. Bf4 Qd7 17. Rad1 b5 18. axb5 axb5 19. Bc1 b4 20. Ne4 Rac8 21.
Qg5 c4 22. Ng3 Rc5 23. Qf4 Nxd5 24. Qf3 e6 25. Ne4 Rc6 26. Bg5 Bxb2 27. Bf6 Ba3 28. Be5 Qe7 29. Rxd5 exd5 30. Ng3 Re6 31. Nxh5 gxh5 32.
Qg3+ Rg6 33. Qf3 Bb2 34. Qxh5 Bxe5 35. g3 Qf6 36. Kg2 Re6 37. Qh3 Qh8 38. Qf5 Rgf6 39. Qg5+ Qg7 40. Qh5 Qg6 0-1

[Event "*** Titled Tuesday Blitz"]
[Site "Chess.com"]
[Date "2020.11.03"]
[Round "1"]
[White "jefferyx"]
[Black "karwowskikacper"]
[Result "1-0"]
[WhiteElo "2915"]
[BlackElo "2456"]
[TimeControl "180+1"]
[EndTime "10:07:39 PST"]
[Termination "jefferyx won by resignation"]

1. d4 Nf6 2. c4 e6 3. Nc3 Bb4 4. Nf3 b6 5. Qc2 Bb7 6. a3 Bxc3+ 7. Qxc3 Ne4 8. Qc2 O-O 9. e3 d6 10. Be2 Nd7 11. O-O f5 12. Ne1 c5 13. f3 Nef6 14.
dxc5 dxc5 15. b4 Qe7 16. Bb2 Rfc8 17. b5 Nf8 18. Nd3 Ng6 19. a4 a5 20. Qc3 Rd8 21. Rad1 Rd7 22. Nf4 Nxf4 23. exf4 Rad8 24. Rxd7 Rxd7 25. Rd1 Qd8 26. Re1 Rd6 27. Qe3 Bc8 28.
Be5 Rd7 29. Bf1 Kf7 30. h3 h5 31. Be2 h4 32. Bc3 Nh5 33. Qe5 Qf6 34. Rc1 Qxe5 35. Bxe5 Ng3 36. Bf1 Bb7 37. Kf2 Nh1+ 38. Ke3 Ng3 39.
Bd3 Bc8 40. Rd1 g6 41. Bc2 Rxd1 42. Bxd1 Bb7 43. Bc7 g5 44. fxg5 Kg6 45. Bxb6 e5 46. Bxa5 f4+ 47. Kf2 e4 48. Bc2 Kxg5 49. Bd8+ Kf5 50.
Bxh4 Nh1+ 51. Ke1 Ke5 52. Bxe4 Bxe4 53. fxe4 Kxe4 54. b6 1-0

[Event "*** Titled Tuesday Blitz"]
[Site "Chess.com"]
[Date "2020.11.03"]
[Round "1"]
[White "DraG0s3L"]
[Black "VladaSviridova"]
[Result "1/2-1/2"]
[WhiteElo "2599"]
[BlackElo "2303"]
[TimeControl "180+1"]
[EndTime "10:07:39 PST"]
[Termination "Game drawn - insufficient material"]

1. d4 d5 2. c4 c6 3. cxd5 cxd5 4. Bf4 Nf6 5. e3 Nc6 6. Nc3 a6 7. Bd3 Bg4 8. f3 Bh5 9. Nge2 e6 10. O-O Bd6 11.
Bxd6 Qxd6 12. Nf4 Bg6 13. Nxg6 hxg6 14. g3 O-O 15. Qd2 e5 16. dxe5 Qxe5 17. Rae1 Rad8 18. Bb1 d4 19. exd4 Qxd4+ 20. Qxd4 Rxd4 21. Rd1 Rfd8 22. Rxd4 Rxd4 23. Rd1 Rxd1+ 24. Nxd1 Nd4 25. Kf2 Kf8 26. Ke3 Nc6 27. Nc3 Ke7 28. a3 b5 29. b4 Ne5 30.
Ba2 g5 31. Ne2 g4 32. f4 Nf3 33. h4 g6 34. Nc3 Nh5 35. Kf2 f5 36. Bd5 Nd4 37. Bb7 Kd6 38. Bxa6 Kc6 39. Bc8 Nc2 40.
Nb1 Nf6 41. Be6 Ne4+ 42. Kg2 Ne3+ 43. Kh2 Nf1+ 44. Kg1 Nfxg3 45. Bf7 Ne2+ 46. Kh2 Nxf4 47. Be8+ Kb6 48. a4 g3+ 49. Kg1 bxa4 50. Bxa4 g2 51. Bd1 Ng3 52. Bf3 Nge2+ 53. Bxe2 Nxe2+ 54. Kxg2 Kb5 55. Kf3 Nd4+ 56. Kf4 Kxb4 57. Kg5 Nf3+ 58. Kxg6 Nxh4+ 59. Kg5 Ng2 60. Kxf5 1/2-1/2

[Event "*** Titled Tuesday Blitz"]
[Site "Chess.com"]
[Date "2020.11.03"]
[Round "1"]
[White "Qvalda"]
[Black "Igor_Lysyj"]
[Result "0-1"]
[WhiteElo "2404"]
[BlackElo "2811"]
[TimeControl "180+1"]
[EndTime "10:07:40 PST"]
[Termination "Igor_Lysyj won by resignation"]

1. e4 e5 2. Nf3 Nc6 3. Nc3 Nf6 4.
d4 exd4 5. Nxd4 Bc5 6. Nxc6 bxc6 7. Bd3 O-O 8. O-O d5 9. Bg5 h6 10. Bxf6 Qxf6 11. exd5 cxd5 12. Nxd5 Qd6 13. Nc3 Bb4 14. Ne4 Qe5 15. c3 Ba5 16. Qc2 Bb7 17. Ng3 Rad8 18. Rae1 Qf4 19. b4 Bb6 20. c4 c5 21. Be4 Bc8 22.
b5 Rd2 23. Qb1 Be6 24. Bd5 Bxd5 25. cxd5 c4 26. Ne4 Rxd5 27. Qc1 Qc7 28. a4 Rfd8 29. Nc3 Rd2 30. Re2 Rxe2 31. Nxe2 Qe5 32. Qxc4 Rd2 33. Ng3 Rxf2 34. Rxf2 Qe1+ 35. Qf1 Bxf2+ 36. Kh1 Bxg3 37. Qxe1 Bxe1 38. Kg1 Kf8 39. Kf1 Ba5 40. Ke2 Ke7 41. Kd3 Kd6 42. Kc4 f5 43. Kd4 g5 44. Kc4 h5 45. Kd4 g4 46. g3 Bb6+ 47. Kc4 Ke5 48.
a5 Bxa5 49. Kc5 Bb6+ 50. Kc6 f4 0-1

[Event "*** Titled Tuesday Blitz"]
[Site "Chess.com"]
[Date "2020.11.03"]
[Round "1"]
[White "beautroll"]
[Black "olksuna"]
[Result "0-1"]
[WhiteElo "2288"]
[BlackElo "2619"]
[TimeControl "180+1"]
[EndTime "10:07:40 PST"]
[Termination "olksuna won on time"]

1. e4 Nf6 2. e5 Nd5 3. d4 d6 4.
Nf3 dxe5 5. Nxe5 c6 6. Qf3 Be6 7. c4 Nc7 8. Be3 g6 9. Nc3 Bg7 10. O-O-O Nd7 11. Qg3 O-O 12. f4 Nxe5 13. dxe5 Qc8 14.
Bd3 b5 15. h4 bxc4 16. Be4 Nd5 17. Bxd5 Bxd5 18. h5 Qf5 19. Qh4 f6 20. g4 g5 21.
Qh3 Qe6 22. h6 Bh8 23. Nxd5 cxd5 24. Bd4 fxe5 25. fxe5 Rf4 26. Qh5 Qg6 27. Qxg6+ hxg6 28. Bc3 e6 29. h7+ Kg7 30. Bb4 Re8 31. Rdf1 Rxg4 32. Bd6 Rf4 33. Rxf4 gxf4 34. Rf1 g5 35. Rg1 Kg6 36. Kd2 Rd8 37. Ke2 Rd7 38. Kf3 Rxh7 0-1

[Event "*** Titled Tuesday Blitz"]
[Site "Chess.com"]
[Date "2020.11.03"]
[Round "1"]
[White "MF1966Idrisov"]
[Black "chessdjw"]
[Result "0-1"]
[WhiteElo "2351"]
[BlackElo "2682"]
[TimeControl "180+1"]
[EndTime "10:07:41 PST"]
[Termination "chessdjw won on time"]

1. Nf3 d5 2. b3 Bf5 3. Bb2 e6 4. e3 h6 5. d4 Nf6 6. Bd3 Bxd3 7.
Qxd3 Nbd7 8. Nbd2 c5 9. O-O Be7 10. e4 dxe4 11. Nxe4 O-O 12. Rad1 Qc7 13. dxc5 Nxc5 14.
Nxc5 Qxc5 15. Bxf6 Bxf6 16. c4 Rfd8 17. Qe2 a6 18. g3 b5 19. Rxd8+ Rxd8 20. cxb5 axb5 21. Rd1 Ra8 22. Rd7 Qc1+ 23. Kg2 Qc6 24. Rd2 b4 25. Rc2 Qb7 26. Rc4 Bc3 27. h4 h5 28. Kh3 g6 29.
Kh2 Kg7 30. Ng5 Rd8 31. Rxc3 bxc3 32. Qe5+ Kg8 33. Ne4 c2 34. Nf6+ Kf8 35. Nh7+ Ke8 36. Qh8+ Kd7 37. Qd4+ Qd5 38. Nf6+ Kc8 39. Nxd5 c1=Q 40.
Ne7+ Kc7 41. Qe5+ Rd6 0-1

[Event "*** Titled Tuesday Blitz"]
[Site "Chess.com"]
[Date "2020.11.03"]
[Round "1"]
[White "Airquake"]
[Black "Fortitudine"]
[Result "1-0"]
[WhiteElo "2605"]
[BlackElo "2294"]
[TimeControl "180+1"]
[EndTime "10:07:41 PST"]
[Termination "Airquake won on time"]

1. g3 c5 2. Bg2 Nf6 3. Nf3 g6 4. O-O Bg7 5. d4 cxd4 6. Nxd4 d5 7. c4 O-O 8. cxd5 Nxd5 9. Nb5 a6 10. Qxd5 Qxd5 11.
Bxd5 axb5 12. Na3 b4 13. Nc4 Nc6 14. Rd1 Bh3 15. Be3 Rad8 16. Bb6 Rd7 17. Rac1 e6 18. Bf3 Rxd1+ 19. Rxd1 Ra8 20. a3 bxa3 21. bxa3 Bf8 22. Rd7 Ra4 23. Ne3 Ne5 24. Rxb7 Nxf3+ 25. exf3 Rxa3 26.
Bd4 Rd3 27. Bc5 Rd8 28. Bxf8 Kxf8 29. f4 Rd2 30. f3 Bf5 31. Kf1 h5 32. Ke1 Rxh2 33.
Nc4 Rg2 34. Ne5 Rxg3 35. Rxf7+ Ke8 36. Kf2 Rh3 37. Rh7 Rh4 38. Ke3 Rh1 39. Kd4 Rd1+ 40. Kc5 Rd5+ 41. Kc6 Rd1 42. Nd7 1-0

[Event "*** Titled Tuesday Blitz"]
[Site "Chess.com"]
[Date "2020.11.03"]
[Round "1"]
[White "GalperinPlaton"]
[Black "enriquetejedor"]
[Result "1-0"]
[WhiteElo "2904"]
[BlackElo "2451"]
[TimeControl "180+1"]
[EndTime "10:07:42 PST"]
[Termination "GalperinPlaton won on time"]

1. c4 e5 2. Nc3 Nc6 3. Nf3 Nf6 4. e3 Bb4 5. Qc2 O-O 6. Nd5 Bd6 7. Ng5 g6 8. h4 Nxd5 9. cxd5 Nb4 10. Qb3 c6 11. Ne4 Qe7 12. Nc3 e4 13. a3 Nd3+ 14. Bxd3 exd3 15.
Qc4 cxd5 16. Qxd3 b6 17. Qxd5 Rb8 18. Qg5 Qe6 19. b4 Bb7 20. Bb2 Be5 21. h5 f6 22. Qh6 g5 23. O-O-O Rf7 24. f4 Bd6 25. f5 Qe8 26. Nd5 Bxd5 27. Bxf6 Rc8+ 28. Kb1 Qe4+ 29. d3 Qxf5 30. Rhf1 Qe6 31. Qxg5+ Kf8 32. e4 Bb3 33. Rd2 Re8 34. Rdf2 Rc8 35. Bg7+ Ke8 36. Rxf7 Qxf7 37. Rxf7 Bxf7 38. Be5 Be7 39. Bf6 Bf8 40. Qe5+ Be6 41.
d4 Kf7 42. d5 Bg4 43. Qf4 Bxh5 44. Bg5+ Kg8 45. Bh6 Bxh6 46. Qxh6 Bg6 47. Qh3 Bxe4+ 48.
Kb2 Bxd5 49. Qxd7 Bb7 50. Qxb7 Rf8 51. Qxa7 Rf6 52. a4 Rg6 53. Kb3 Rg3+ 54. Kc4 Rxg2 55.
Qa8+ Kf7 56. Qxg2 1-0

[Event "*** Titled Tuesday Blitz"]
[Site "Chess.com"]
[Date "2020.11.03"]
[Round "1"]
[White "TokChess"]
[Black "PSvidler"]
[Result "1/2-1/2"]
[WhiteElo "2458"]
[BlackElo "2889"]
[TimeControl "180+1"]
[EndTime "10:07:42 PST"]
[Termination "Game drawn by repetition"]

1. Nf3 g6 2. g3 Bg7 3. d4 c5 4. e3 Nf6 5. Bg2 O-O 6. O-O b6 7.
b3 Bb7 8. Bb2 cxd4 9. exd4 d5 10. Nbd2 Nbd7 11. Re1 Rc8 12. Rc1 e6 13. c4 dxc4 14.
bxc4 Re8 15. Qb3 Qc7 16. a4 Bc6 17. Ra1 Qb7 18. a5 b5 19. a6 Qb8 20. Rec1 bxc4 21. Qxb8 Rxb8 22. Nxc4 Bd5 23. Ba3 Bf8 24. Bxf8 Kxf8 25.
Nd6 Re7 26. Ne5 Bxg2 27. Kxg2 Nxe5 28. dxe5 Nd5 29. Rab1 Rxb1 30. Rxb1 Nb6 31. Nb5 Nc4 32. f4 Rd7 33. Rc1 Nb6 34. Rc6 Nd5 35. Rc8+ Ke7 36. Ra8 Nc7 37. Nxc7 Rxc7 38. Rb8 Kd7 39. Kh3 h6 40.
Kg4 Kc6 41. h4 h5+ 42. Kg5 Rd7 43. Kf6 Rd3 44. Rb7 Rxg3 45. Rxa7 Rg4 46. Kxf7 Rxf4+ 47. Kxe6 Rxh4 48. Rg7 Ra4 49. a7 h4 50. Rxg6 Rxa7 51.
Rh6 Ra4 52. Kf5+ Kd7 53. e6+ Kd6 54. Rh7 Ra1 55. Rd7+ Kc6 56. Rh7 Kd6 57. Rd7+ Kc6 58. Rh7 Kd6 1/2-1/2

[Event "*** Titled Tuesday Blitz"]
[Site "Chess.com"]
[Date "2020.11.03"]
[Round "1"]
[White "Flawless_Fighter"]
[Black "norwaytoadog"]
[Result "1-0"]
[WhiteElo "2662"]
[BlackElo "2333"]
[TimeControl "180+1"]
[EndTime "10:07:42 PST"]
[Termination "Flawless_Fighter won on time"]

1. d4 Nf6 2. c4 e6 3. g3 Bb4+ 4. Bd2 c5 5. Nf3 Qb6 6. Bg2 cxd4 7. O-O Nc6 8. a3 Bxd2 9. Qxd2 Ne4 10. Qc2 f5 11. b4 a5 12. b5 Ne7 13. Rd1 O-O 14. Nxd4 e5 15. Bxe4 fxe4 16. Qxe4 exd4 17. Qxe7 d3 18. e3 d5 19. cxd5 Bh3 20. Nd2 Rae8 21. Qh4 Rxf2 22. Nc4 Qxb5 23. Kxf2 Rf8+ 24. Kg1 Qxd5 25.
Qxh3 Qxc4 26. Qg2 Qg4 27. Qd2 Rd8 28. Rf1 h5 29. Rf4 Qg5 30. Raf1 b5 31. Rd1 b4 32. axb4 a4 33. Qa2+ Kh7 34. Qxa4 Qd5 35. Qa5 Qb3 36. Qxh5+ Kg8 37. Rh4 Qc2 38. Qh7+ Kf8 39. Rf1+ Ke8 40. Re4+ Kd7 41. Qxg7+ Kc8 42. Qg4+ Kb7 43. Re7+ 1-0

[Event "*** Titled Tuesday Blitz"]
[Site "Chess.com"]
[Date "2020.11.03"]
[Round "1"]
[White "MatyChess1"]
[Black "wanyaland"]
[Result "1-0"]
[WhiteElo "2579"]
[BlackElo "2256"]
[TimeControl "180+1"]
[EndTime "10:07:42 PST"]
[Termination "MatyChess1 won by resignation"]

1. e4 e5 2. Nf3 Nc6 3. Bc4 Nf6 4. d3 Bc5 5. c3 d6 6. Bb3 h6 7. h3 Bb6 8. Nbd2 a5 9. Nc4 Ba7 10.
O-O g5 11. Nh2 g4 12. hxg4 Rg8 13. Be3 Nxg4 14. Bxa7 Nxh2 15. Kxh2 Qh4+ 16. Kg1 Qh3 17. Ne3 Rxa7 18. Ba4 Kf8 19. Bxc6 bxc6 20. Qe2 Qh4 21.
f3 Rg5 22. Qf2 Qxf2+ 23. Kxf2 Ba6 24. c4 Bc8 25. Rh1 Kg7 26. b3 Be6 27. Rh4 Ra8 28. Rah1 Rh8 29. f4 exf4 30. Rxf4 h5 31. Rfh4 Kg6 32.
g4 Rh7 33. gxh5+ Rhxh5 34. Rxh5 Rxh5 35. Rxh5 Kxh5 36. Kg3 Kg5 37. d4 f6 38. d5 Bd7 39.
Kf3 c5 40. Nd1 f5 41. Nf2 Be8 42. Nh3+ Kh4 43. Nf4 fxe4+ 44. Kxe4 Bf7 45. Kf5 Kg3 46. Ne6 a4 47. bxa4 Bh5 48. a5 Be2 49. Nxc7 Bxc4 50. a6 Bxa6 51. Nxa6 Kf3 52. Ke6 c4 53. Kxd6 c3 54. Nb4 Ke3 55. Kc5 Kd2 56. d6 c2 57. Nxc2 Kxc2 58. d7 1-0

[Event "*** Titled Tuesday Blitz"]
[Site "Chess.com"]
[Date "2020.11.03"]
[Round "1"]
[White "KuzubovYuriy"]
[Black "ApacheSVD"]
[Result "1-0"]
[WhiteElo "2819"]
[BlackElo "2412"]
[TimeControl "180+1"]
[EndTime "10:07:43 PST"]
[Termination "KuzubovYuriy won on time"]

1. d4 Nf6 2. Nf3 c5 3. d5 b5 4. c4 g6 5. cxb5 a6 6. b6 Bg7 7. Nc3 O-O 8. e4 d6 9. Be2 Nbd7 10. a4 Qxb6 11. O-O a5 12. Re1 Ba6 13. Bxa6 Rxa6 14. Nb5 Rb8 15. Bd2 Ne8 16. Bc3 Nc7 17. Na3 Bxc3 18.
bxc3 Qb3 19. Qxb3 Rxb3 20. Rec1 Nb6 21. Nd2 Rb2 22. Nac4 Nxc4 23. Nxc4 Rb7 24. Rab1 Rba7 25. Rd1 Ra8 26. f4 Rd8 27. Rb7 Ne8 28. Kf2 Kf8 29. Kf3 f5 30. e5 dxe5 31. fxe5 Ng7 32. Rb5 Ne6 33. h4 Ra7 34. Rxa5 Rad7 35. d6 exd6 36.
exd6 Kf7 37. Ne5+ Kf6 38. Nxd7+ Rxd7 39. Rb5 Ke5 40. a5 h6 41. a6 g5 42. hxg5 hxg5 43. Ra5 g4+ 44. Kf2 Ra7 45. d7 Nd8 46. Rxc5+ Ke6 47. Ra5 Ke7 48. g3 Nc6 49. Re5+ 1-0

[Event "*** Titled Tuesday Blitz"]
[Site "Chess.com"]
[Date "2020.11.03"]
[Round "1"]
[White "davidkalashian"]
[Black "Smile2005"]
[Result "1-0"]
[WhiteElo "2590"]
[BlackElo "2278"]
[TimeControl "180+1"]
[EndTime "10:07:45 PST"]
[Termination "davidkalashian won by resignation"]

1. d4 Nf6 2. c4 g6 3. Nc3 Bg7 4.
e4 O-O 5. Be2 d6 6. Bg5 h6 7. Be3 e5 8. d5 c6 9. Qd2 Kh7 10. f3 cxd5 11. cxd5 a5 12. g4 Na6 13. h4 Nd7 14. h5 g5 15. Nh3 Ndc5 16. Nf2 Bd7 17.
Nd3 a4 18. Nxc5 Nxc5 19. Bxc5 dxc5 20. Bb5 a3 21. b3 Bc8 22. Nd1 Qb6 23. Be2 Rd8 24.
Ne3 Bf8 25. Rc1 Qc7 26. Kf2 Bd6 27. Kg2 Qe7 28. Rc2 b6 29. Rhc1 Bd7 30. Bd3 Qf6 31.
Qe2 Kg7 32. Bb5 Bc8 33. Nc4 Qf4 34. Qe3 Qxe3 35. Nxe3 Ra5 36. Be2 b5 37. b4 cxb4 38. Rxc8 Rxc8 39. Rxc8 b3 40. Rc1 b2 41. Rd1 Bc5 42.
Nf5+ Kf6 43. d6 Ra6 44. d7 Bb6 45. Bxb5 Ra5 46. Bd3 Bd8 47. Bb1 Rc5 48. Kf2 Ke6 49. Ke2 Rc1 50. Ne3 Rxd1 51. Kxd1 Kxd7 52. Nc4 Be7 53.
Kc2 Ke6 54. Kb3 f5 55. exf5+ Kf6 56. Nxa3 Bxa3 57. Kxa3 e4 58. Bxe4 b1=N+ 59. Bxb1 1-0